AoeStats
← JamesNewstedd

Fortress

509707795Analyzed
4v4 RM · 3d ago on Sep 27, 2026· 74m 11s· 8 players
Game mode
Random Map
Map size
Huge
Population
200
Speed
Normal
Resources
Standard
Victory
Conquest
Starting age
Dark Age
Ending age
Imperial Age
RankedLock teamsTeams togetherTeam positionsShared explorationLock speedFull tech treeHidden civsTurbo modeCheats
Victory
Defeat
🇺🇸 Aztecs · United States
1530
+14
🇩🇪 Berbers · Germany
1500
+15
🇭🇰 Teutons · Hong Kong SAR China
1489
+16
🇹🇷 Goths · Türkiye
1466
+16
🇩🇪 Sicilians · Germany
1588
-19
🇩🇪 Tatars · Germany
1545
-18
🇩🇪 Saxons · Germany
1525
-17
🇩🇪 Slavs · Germany
1258
-7
Alt+F4 | Popo
7:37 Feudal Age
8:16 Loom
11:14 Castle Age
9:24 Double-Bit Axe
9:33 Gold Mining
10:14 Horse Collar
11:49 Eagle Warrior
12:38 Squires
13:10 Eagle Warrior
18:36 Wheelbarrow
19:37 Hand Cart
21:37 Scale Mail Armor
26:18 Imperial Age
24:30 Pikeman
25:30 Chain Mail Armor
25:33 Forging
26:19 Heavy Plow
26:39 Bow Saw
27:27 Garland Wars
27:33 Conscription
27:52 Plate Mail Armor
28:14 Gambesons
28:32 Arson
29:33 Iron Casting
29:39 Crop Rotation
30:12 Elite Eagle Warrior
30:53 Capped Ram
32:55 Blast Furnace
32:25 Siege Ram
39:23 Fletching
39:33 Padded Archer Armor
39:40 Elite Skirmisher
40:18 Bodkin Arrow
40:27 Atlatl
40:49 Ballistics
41:35 Chemistry
43:01 Caravan
43:59 Leather Archer Armor
43:44 Bracer
52:17 Fortified Wall
57:12 Siege Engineers
69:11 Crossbowman
72:54 Elite Genitour
Erg_Raider
7:21 Feudal Age
11:18 Castle Age
9:21 Double-Bit Axe
9:47 Horse Collar
12:13 Heavy Plow
12:28 Bow Saw
12:50 Loom
16:47 Gold Mining
17:52 Wheelbarrow
18:13 Fletching
18:16 Stone Mining
20:35 Bodkin Arrow
22:23 Husbandry
22:34 Bloodlines
23:32 Ballistics
26:45 Imperial Age
24:32 Hand Cart
25:27 Stone Shaft Mining
25:24 Padded Archer Armor
26:48 Leather Archer Armor
27:42 Thumb Ring
28:35 Crop Rotation
28:08 Bracer
29:10 Chemistry
29:03 Ring Archer Armor
29:34 Elite Camel Archer
30:35 Conscription
31:07 Gold Shaft Mining
30:52 Kasbah
30:20 Light Cavalry
32:44 Caravan
34:15 Maghrebi Camels
33:39 Heavy Camel Rider
33:39 Hussar
34:30 Scale Barding Armor
34:36 Forging
37:40 Siege Engineers
37:46 Masonry
37:47 Fortified Wall
37:18 Treadmill Crane
39:40 Onager
50:24 Hoardings
52:49 Coinage
54:42 Banking
54:46 Chain Barding Armor
55:02 Iron Casting
56:08 Capped Ram
61:43 Plate Barding Armor
62:08 Blast Furnace
66:48 Guilds
68:39 Town Watch
68:56 Scale Mail Armor
72:09 Chain Mail Armor
Sir Dancealot
7:05 Feudal Age
7:39 Feudal Age
8:45 Horse Collar
8:56 Double-Bit Axe
12:25 Castle Age
13:31 Bow Saw
13:31 Heavy Plow
16:56 Wheelbarrow
17:58 Gold Mining
18:57 Loom
20:58 Masonry
22:15 Hand Cart
23:04 Pikeman
23:44 Squires
27:12 Imperial Age
26:59 Scale Mail Armor
27:10 Forging
27:11 Anarchy
27:14 Capped Ram
27:30 Halberdier
28:34 Conscription
28:32 Chain Mail Armor
29:58 Two-Man Saw
29:31 Crop Rotation
30:03 Iron Casting
29:28 Stone Mining
31:12 Architecture
30:56 Man-at-Arms
31:28 Long Swordsman
33:24 Blast Furnace
32:09 Two-Handed Swordsman
32:54 Perfusion
32:40 Champion
33:56 Town Watch
35:26 Caravan
37:45 Guilds
62:01 Fletching
62:35 Ballistics
63:16 Chemistry
64:55 Bodkin Arrow
68:38 Bracer
大庆Song
8:44 Feudal Age
12:26 Castle Age
10:48 Double-Bit Axe
10:44 Horse Collar
12:30 Gold Mining
13:21 Bow Saw
12:57 Loom
14:11 Scale Mail Armor
16:22 Wheelbarrow
18:45 Heavy Plow
20:10 Chain Mail Armor
22:48 Forging
27:12 Imperial Age
25:53 Iron Casting
26:32 Hand Cart
26:08 Town Watch
25:53 Pikeman
27:04 Squires
28:58 Blast Furnace
28:29 Plate Mail Armor
28:24 Conscription
27:27 Halberdier
28:14 Capped Ram
30:13 Two-Man Saw
30:13 Elite Teutonic Knight
32:00 Fletching
31:40 Onager
32:44 Gambesons
32:20 Man-at-Arms
34:57 Arson
37:08 Heavy Scorpion
38:15 Long Swordsman
39:56 Bloodlines
41:11 Chemistry
40:36 Ballistics
43:01 Hoardings
43:04 Masonry
43:07 Fortified Wall
43:16 Caravan
43:41 Bodkin Arrow
43:46 Padded Archer Armor
45:11 Siege Engineers
45:28 Bombard Tower
46:05 Leather Archer Armor
45:12 Elite Skirmisher
53:40 Elite Genitour
55:32 Ring Archer Armor
56:15 Siege Onager
58:09 Ironclad
67:18 Heavy Mounted Crossbowman
Öl1ng
7:28 Feudal Age
8:45 Double-Bit Axe
11:37 Castle Age
9:19 Horse Collar
13:09 Bow Saw
17:39 Heavy Plow
19:08 Wheelbarrow
18:24 Town Watch
18:27 Loom
19:15 Gold Mining
20:03 Scale Barding Armor
20:10 Bloodlines
20:01 Husbandry
20:41 Hand Cart
20:43 Husbandry
21:35 Forging
22:33 Chain Barding Armor
23:56 Iron Casting
26:32 Imperial Age
24:40 Iron Casting
24:43 Stone Mining
25:31 Gold Shaft Mining
24:46 Stone Mining
26:46 Cavalier
27:34 Hauberk
27:50 Conscription
28:09 Plate Barding Armor
28:34 Blast Furnace
27:46 Siege Engineers
27:51 Masonry
28:43 Crop Rotation
28:41 Fletching
29:44 Caravan
29:55 Guilds
30:26 Capped Ram
30:39 Heavy Scorpion
31:40 Ballistics
32:21 Chemistry
31:26 Siege Ram
34:19 Light Cavalry
36:53 Scale Mail Armor
36:40 Arson
36:41 Gambesons
36:57 Squires
37:36 Hoardings
37:00 Murder Holes
36:51 Arrowslits
45:22 Coinage
48:13 Elite Serjeant
49:32 First Crusade
49:29 Chain Mail Armor
50:47 Plate Mail Armor
57:43 Bodkin Arrow
71:25 Bracer
Itzknixi
6:24 Feudal Age
8:33 Horse Collar
12:50 Castle Age
13:11 Double-Bit Axe
14:59 Scale Mail Armor
15:01 Gold Mining
16:45 Pikeman
17:40 Forging
17:46 Chain Mail Armor
18:18 Bow Saw
19:12 Loom
26:15 Imperial Age
27:14 Gold Shaft Mining
26:32 Stone Mining
27:33 Conscription
29:01 Two-Man Saw
30:19 Heavy Scorpion
33:53 Ballistics
38:32 Chemistry
48:24 Squires
49:40 Halberdier
51:15 Heavy Plow
56:40 Iron Casting
57:51 Wheelbarrow
67:11 Blast Furnace
66:43 Plate Mail Armor
69:02 Crop Rotation
SvenVonE ツ
7:58 Feudal Age
12:07 Castle Age
9:58 Horse Collar
10:03 Double-Bit Axe
12:45 Wheelbarrow
13:44 Bow Saw
20:36 Loom
21:50 Gold Mining
22:52 Hand Cart
26:26 Imperial Age
24:12 Scale Mail Armor
24:22 Forging
24:18 Squires
23:38 Man-at-Arms
24:05 Arson
24:34 Gambesons
24:11 Pikeman
25:04 Treadmill Crane
25:35 Fortified Wall
25:43 Chain Mail Armor
25:02 Long Swordsman
26:12 Town Watch
26:57 Heavy Plow
26:34 Two-Handed Swordsman
27:46 Plate Mail Armor
26:49 Shield Wall
27:51 Conscription
27:40 Champion
30:11 Iron Casting
29:27 Fletching
29:45 Elite Varangian Guard
31:36 Elite Hearth Troop
33:38 Bodkin Arrow
34:41 Bracer
35:46 Chemistry
34:57 Masonry
36:21 Crop Rotation
35:43 Guard Tower
36:14 Ballistics
35:41 Arrowslits
37:32 Caravan
42:40 Keep
42:39 Architecture
46:02 Halberdier
JamesNewstedd
7:32 Feudal Age
11:40 Castle Age
9:59 Double-Bit Axe
9:55 Horse Collar
12:46 Wheelbarrow
12:37 Bow Saw
13:02 Heavy Plow
18:23 Town Watch
19:01 Gold Mining
19:22 Stone Mining
19:27 Stone Mining
27:10 Imperial Age
25:16 Fletching
25:52 Bodkin Arrow
25:40 Treadmill Crane
27:02 Padded Archer Armor
28:33 Hand Cart
29:20 Chemistry
28:40 Ballistics
28:24 Bracer
28:39 Leather Archer Armor
29:17 Gold Shaft Mining
29:14 Conscription
29:30 Heavy Cavalry Archer
31:31 Fortified Wall
32:45 Ring Archer Armor
33:31 Sappers
34:22 Husbandry
35:08 Timurid Siegecraft
35:20 Guilds
38:11 Caravan
38:42 Coinage
41:02 Crop Rotation
42:24 Silk Armor
43:58 Siege Engineers
44:03 Masonry
44:53 Guard Tower
45:13 Scale Barding Armor
45:18 Forging
49:16 Chain Barding Armor
49:31 Iron Casting
49:29 Bloodlines
48:39 Light Cavalry
50:54 Hussar
53:11 Plate Barding Armor
53:51 Blast Furnace
62:22 Cavalier
63:35 Murder Holes
Connection lost

Rejoining the realm…

Still unreachable

The connection could not be restored.

Session expired

The server has moved on; the page needs a fresh start.